 Dungeon Crawl Stone Soup version 0.31-a0-654-gbe3e110b4e (webtiles) character file.

Game seed: 17940703911062201922

11655 cforsyth the Prestidigitator (level 11, -5/75 HPs)
             Began as a Gnoll Artificer on Aug 29, 2023.
             Was a Priest of Hepliaklqana.
             Splashed by a brown ugly thing's acid (9 damage)
             ... on level 10 of the Dungeon.
             The game lasted 00:20:19 (10362 turns).

cforsyth the Prestidigitator (Gnoll Artificer)     Turns: 10362, Time: 00:20:20

Health: -5/75      AC: 18    Str: 17    XL:     11   Next: 81%
Magic:  21/21      EV: 14    Int: 17    God:    Hepliaklqana [***...]
Gold:   441        SH:  8    Dex: 14    Spells: 23/23 levels left

rFire   . . .        I - +3 flail (protect)
rCold   + . .        E - +2 buckler of Pandemonium {Dex+6}
rNeg    + . .        w - +3 leather armour of Squeaky Creativity {rN+ Int+2 Dex-5 Stlth+}
rPois   .            r - +2 helmet
rElec   .            (no cloak)
rCorr   .            n - +0 pair of gloves
SInv    .            (no boots)
Will    .....        (no amulet)
Stlth   ++++         A - +6 ring of strength
HPRegen 0.32/turn    K - ring of protection from cold
MPRegen 0.17/turn

%: no passive effects
@: under a protective aura
A: reduced essence, fangs 1, strong nose, distributed training
a: Renounce Religion, Recall Ancestor, Ancestor Identity, Transference


You were on level 10 of the Dungeon.
You worshipped Hepliaklqana.
Hepliaklqana was most pleased with you.
You visited 2 branches of the dungeon, and saw 11 of its levels.
You also visited: Bailey.

You collected 441 gold pieces.

Inventory:

Hand Weapons
 a - a +0 club
 g - a +5 triple sword of protection
 y - a +1 dagger of venom
 F - a +1 morningstar of venom
 I - a +3 flail of protection (weapon)
Missiles
 x - 16 poisoned darts (quivered)
 G - 2 throwing nets
Armour
 b - a +0 leather armour
 n - a +0 pair of gloves (worn)
 r - a +2 helmet (worn)
 w - the +3 leather armour of Squeaky Creativity (worn) {rN+ Int+2 Dex-5 Stlth+}
   (You found it on level 2 of the Dungeon)

   Int+2:     It affects your intelligence (+2).
   Dex-5:     It affects your dexterity (-5).
   rN+:       It protects you from negative energy.
   Stlth+:    It makes you more stealthy.
 E - the +2 buckler of Pandemonium (worn) {Dex+6}
   (You found it on level 5 of the Dungeon)

   Dex+6:     It affects your dexterity (+6).
Jewellery
 A - a +6 ring of strength (left hand)
 K - a ring of protection from cold (right hand)
 L - the ring of Toocauge {Ice Will+ Stlth+}
   (You found it on level 6 of the Dungeon)

   [ring of ice]

   Ice:       It enhances your ice magic.
   rF-:       It makes you vulnerable to fire.
   rC+:       It protects you from cold.
   Will+:     It increases your willpower.
   Stlth+:    It makes you more stealthy.
Wands
 c - a wand of flame (40)
 d - a wand of charming (14)
 e - a wand of acid (3)
 k - a wand of roots (6)
 O - a wand of paralysis (3)
Scrolls
 h - a scroll of poison {unknown}
 j - 4 scrolls of blinking {unknown}
 l - a scroll of enchant weapon
 m - 3 scrolls of enchant armour
 o - 3 scrolls of immolation
 p - a scroll of vulnerability
 s - 2 scrolls of fear
 v - 6 scrolls of teleportation
 z - a scroll of amnesia
 H - a scroll of fog
 J - a scroll of revelation
 Q - a scroll of brand weapon
Potions
 f - a potion of berserk rage
 i - 3 potions of enlightenment
 q - a potion of brilliance
 t - 3 potions of curing
 u - 2 potions of resistance
 B - 2 potions of heal wounds
 C - 2 potions of invisibility
 D - 2 potions of lignification
 M - 2 potions of mutation
 N - a potion of cancellation
 P - a potion of might {unknown}


   Skills:
 + Level 7.3 Fighting
 + Level 6.7 Short Blades
 + Level 6.7 Long Blades
 + Level 6.7 Axes
 + Level 6.7 Maces & Flails
 + Level 6.7 Polearms
 + Level 6.7 Staves
 + Level 6.7 Ranged Weapons
 + Level 6.7 Throwing
 + Level 8.2 Armour
 + Level 7.3 Dodging
 + Level 7.2 Stealth
 + Level 6.7 Shields
 + Level 6.7 Unarmed Combat
 + Level 6.7 Spellcasting
 + Level 5.6 Conjurations
 + Level 5.6 Hexes
 + Level 5.6 Summonings
 + Level 5.6 Necromancy
 + Level 5.6 Translocations
 + Level 5.6 Transmutations
 + Level 5.6 Fire Magic
 + Level 5.6 Ice Magic
 + Level 5.6 Air Magic
 + Level 5.6 Earth Magic
 + Level 5.6 Poison Magic
 + Level 7.4 Invocations
 + Level 9.5 Evocations
 + Level 6.1 Shapeshifting


You had 23 spell levels left.
You didn't know any spells.
Your spell library contained the following spells:

 Spells                   Type           Power      Damage    Failure   Level
 Blink                    Tloc           48%        N/A       2%          2
 Ensorcelled Hibernation  Hex/Ice        48%        N/A       2%          2
 Lesser Beckoning         Tloc           48%        N/A       2%          2
 Poisonous Vapours        Pois/Air       48%        N/A       2%          2
 Frozen Ramparts          Ice            48%        1d8       5%          3
 Gell's Gravitas          Tloc           24%        N/A       5%          3
 Hailstorm                Conj/Ice       24%        3d7       5%          3
 Mephitic Cloud           Conj/Pois/Air  24%        N/A       5%          3
 Teleport Other           Tloc           24%        N/A       5%          3
 Anguish                  Hex/Necr       12%        N/A       17%         4
 Manifold Assault         Tloc           24%        N/A       17%         4
 Petrify                  Tmut/Erth      24%        N/A       17%         4
 Summon Ice Beast         Ice/Summ       24%        N/A       17%         4
 Freezing Cloud           Conj/Ice/Air   12%        6-21      43%         5
 Metabolic Englaciation   Hex/Ice        12%        N/A       43%         5
 Simulacrum               Ice/Necr       12%        N/A       95%         6


Dungeon Overview and Level Annotations

Branches:
Dungeon (10/15)            Temple (1/1) D:4            Lair (0/5) D:10
 Bailey (visited)
    Orc: D:9-12

Altars:
Ashenzari
Cheibriados
Dithmenos
Elyvilon
Fedhas
Gozag
Hepliaklqana
Kikubaaqudgha
Makhleb
Nemelex Xobeh
Okawaru
Qazlal
Ru
Sif Muna
Trog
Uskayaw
Vehumet
Wu Jian
Xom
Yredelemnul
Zin
The Shining One

Annotations:
D:10 1 runed translucent door


Innate Abilities, Weirdness & Mutations

Your life essence is reduced to manifest your ancestor. (-10% HP)
You have very sharp teeth.
Your uncanny sense of smell can sniff out nearby items.
Your experience applies equally to all skills.


Message History

You bite the brown ugly thing, but do no damage.
The brown ugly thing is moderately wounded.
The brown ugly thing tentacle-slaps you but does no damage.
Zolin casts a spell at the brown ugly thing.
The stone arrow hits the brown ugly thing!
You barely miss the brown ugly thing.
The brown ugly thing is severely wounded.
The brown ugly thing tentacle-slaps you but does no damage.
You hit the brown ugly thing but do no damage.
The brown ugly thing is heavily wounded.
The brown ugly thing tentacle-slaps you!
You are splashed with acid!
You barely miss the brown ugly thing.
The brown ugly thing is heavily wounded.
The brown ugly thing tentacle-slaps you!
You are splashed with acid!
You are too injured to fight recklessly!
You are too injured to fight recklessly!
You are too injured to fight recklessly!
You are too injured to fight recklessly!
You are too injured to fight recklessly!
You are too injured to fight recklessly!
You are too injured to fight recklessly!
You are too injured to fight recklessly!
You are too injured to fight recklessly!
You are too injured to fight recklessly!
You hit the brown ugly thing but do no damage.
The brown ugly thing is heavily wounded.
You are no longer corroded.
The brown ugly thing barely misses you.
You hit the brown ugly thing.
The brown ugly thing is severely wounded.
The brown ugly thing tentacle-slaps you!
* * * LOW HITPOINT WARNING * * *
You are splashed with acid!
* * * LOW HITPOINT WARNING * * *
The brown ugly thing tentacle-slaps you.
* * * LOW HITPOINT WARNING * * *
You are splashed with acid!
You die...

#....#..##.#.###.#.#.###.####.
##.####.###.##.#R##.#.# #..##..
#...#.......###.###...###......
###.####.##.##.#.##.#R##.......
#..#....##.#)###.#.#.##.......
#....#..##.######..#.#.....##.
####.#####......R..#.##....#..
### #.###############.#......#.
...#.....#..R@.....#.#......##
#.#####)#.###u###.#..........
...#...#.# ... #).........
###.#.###.# ##.# #....#.....
#...R.#...# ∆ .# #..[.#...#.
#.#.###.#.# # #...####### ..
#...#.#.# #..#..≈≈≈≈≈ #.
###R#.#.# #..#.≈..... # #...#..
#.##.≈.≈≈≈.


You could see the friendly Zolin the battlemage and a brown ugly thing (ally
target).

Vanquished Creatures
  A hydra (D:10)
  Maggie (D:9)
  Jeremiah (D:8)
  A troll (D:10)
  A hornet (D:9)
  Grinder (D:3)
  A centaur simulacrum (D:10)
  2 shadows (D:10)
  2 wyverns (D:9)
  7 yaks (D:10)
  A vampire mosquito (D:10)
  A steam dragon (D:10)
  Edmund (D:5)
  An ice beast (D:7)
  8 orc warriors
  A sky beast (D:8)
  3 black bears
  An ogre (D:5)
  A centaur (D:8)
  A phantom (D:5)
  Blork the orc (D:5)
  3 bullfrogs
  2 howler monkeys
  2 hounds
  2 orc priests
  A jelly (D:6)
  A sleepcap (D:4)
  A gnoll bouda (D:7)
  4 iguanas
  Ijyb (D:3)
  Natasha (D:3)
  3 orc wizards
  Robin (D:2)
  13 gnolls
  4 adders
  A shadow imp (D:6)
  A white imp (D:6)
  An ufetubus (D:6)
  3 dart slugs
  22 orcs
  8 ball pythons
  3 bats
  11 endoplasms
  4 giant cockroaches
  17 goblins
  9 hobgoblins
  6 jackals
  A quokka (D:4)
  4 frilled lizards
  9 kobolds
  7 rats
184 creatures vanquished.

Vanquished Creatures (collateral kills)
  A two-headed ogre (D:9)
  Amaemon (D:8)
  An orc knight (Bailey)
  A deep elf pyromancer (D:10)
  An orange demon (D:8)
  A gargoyle (D:10)
  2 trolls
  A shadow (D:10)
  A wyvern (D:8)
  3 vampire mosquitoes (D:10)
  A yak (D:10)
  A steam dragon (D:10)
  A sky beast (D:6)
  4 orc warriors
  A centaur (D:5)
  2 kobold brigands
  5 bullfrogs
  A scorpion (D:10)
  A howler monkey (D:8)
  A lava snake (D:9)
  A gnoll bouda (D:10)
  2 orc wizards
  A sleepcap (D:7)
  5 gnolls
  An adder (D:5)
  11 orcs
  4 kobolds (D:8)
56 creatures vanquished.

Vanquished Creatures (others)
  3 battlemagi
  An ancestor (D:6)
4 creatures vanquished.

Grand Total: 244 creatures vanquished

Notes
Turn   | Place    | Note
-------+----------+-------------------------------------------
     0 | D:1      | cforsyth the Gnoll Artificer began the quest for the Orb.
     0 | D:1      | Reached XP level 1. HP: 17/17 MP: 1/1
   281 | D:1      | Reached XP level 2. HP: 18/23 MP: 2/2
   786 | D:1      | Reached XP level 3. HP: 25/28 MP: 3/3
  1163 | D:2      | Reached skill level 1 in Invocations
  1400 | D:2      | Reached skill level 1 in Short Blades
  1400 | D:2      | Reached skill level 1 in Long Blades
  1400 | D:2      | Reached skill level 1 in Axes
  1400 | D:2      | Reached skill level 1 in Maces & Flails
  1400 | D:2      | Reached skill level 1 in Polearms
  1400 | D:2      | Reached skill level 1 in Staves
  1400 | D:2      | Reached skill level 1 in Ranged Weapons
  1400 | D:2      | Reached skill level 1 in Throwing
  1400 | D:2      | Reached skill level 1 in Shields
  1400 | D:2      | Reached skill level 1 in Unarmed Combat
  1400 | D:2      | Reached skill level 1 in Spellcasting
  1643 | D:2      | Reached XP level 4. HP: 34/34 MP: 5/5
  1679 | D:2      | Reached skill level 1 in Shapeshifting
  1821 | D:2      | Identified the +3 leather armour of Squeaky Creativity {rN+
                  | Int+2 Dex-5 Stlth+}
  2059 | D:3      | Noticed Grinder
  2060 | D:3      | Found a faded altar of an unknown god.
  2061 | D:3      | Paralysed by Grinder for 2 turns
  2087 | D:3      | Killed Grinder
  2088 | D:3      | Reached skill level 1 in Conjurations
  2088 | D:3      | Reached skill level 1 in Hexes
  2088 | D:3      | Reached skill level 1 in Summonings
  2088 | D:3      | Reached skill level 1 in Necromancy
  2088 | D:3      | Reached skill level 1 in Translocations
  2088 | D:3      | Reached skill level 1 in Transmutations
  2088 | D:3      | Reached skill level 1 in Fire Magic
  2088 | D:3      | Reached skill level 1 in Ice Magic
  2088 | D:3      | Reached skill level 1 in Air Magic
  2088 | D:3      | Reached skill level 1 in Earth Magic
  2088 | D:3      | Reached skill level 1 in Poison Magic
  2088 | D:3      | Reached XP level 5. HP: 36/41 MP: 5/7
  2088 | D:3      | Reached XP level 6. HP: 41/47 MP: 5/8
  2219 | D:3      | Noticed Natasha
  2244 | D:3      | Killed Natasha
  2245 | D:3      | Reached skill level 5 in Armour
  2583 | D:3      | Noticed Robin
  2689 | D:2      | Killed Robin
  2731 | D:3      | HP: 2/47 [poisoned by a goblin]
  3165 | D:3      | Noticed Ijyb
  3180 | D:3      | Killed Ijyb
  3433 | D:4      | Found a staircase to the Ecumenical Temple.
  3434 | D:4      | Noticed a black bear
  3460 | D:4      | Killed a black bear
  3461 | D:4      | Reached skill level 7 in Evocations
  3461 | D:4      | Reached XP level 7. HP: 34/52 MP: 10/10
  3474 | Temple   | Entered the Ecumenical Temple
  3543 | Temple   | Became a worshipper of Hepliaklqana the Forgotten
  3576 | D:4      | Found an iron altar of Okawaru.
  4221 | D:4      | Found a radiant altar of Vehumet.
  4423 | D:5      | Entered Level 5 of the Dungeon
  4430 | D:5      | Noticed Blork the orc
  4432 | D:5      | Reached * piety under Hepliaklqana
  4451 | D:5      | Killed Blork the orc
  4564 | D:5      | Identified the +2 buckler of Pandemonium {Dex+6}
  4597 | D:5      | Reached XP level 8. HP: 45/54 MP: 12/12
  4830 | D:5      | Noticed Edmund
  4848 | D:5      | Killed Edmund
  5164 | D:5      | Found a shimmering altar of Xom.
  5445 | D:6      | Found a sacrificial altar of Ru.
  5810 | D:6      | Reached ** piety under Hepliaklqana
  5811 | D:6      | Remembered your ancestor Zolin as a battlemage
  5870 | D:6      | Identified the ring of Toocauge {Ice Will+ Stlth+}
  6066 | D:7      | Reached XP level 9. HP: 59/59 MP: 14/14
  6082 | D:7      | Found a flagged portal.
  6139 | Bailey   | Entered a bailey
  6498 | Bailey   | Reached skill level 5 in Fighting
  6498 | Bailey   | Reached skill level 5 in Dodging
  6646 | Bailey   | Reached skill level 5 in Stealth
  6715 | Bailey   | Reached skill level 8 in Evocations
  6808 | Bailey   | Noticed an orc knight
  6820 | Bailey   | Killed an orc knight
  6821 | Bailey   | Reached skill level 5 in Invocations
  7495 | D:7      | Reached XP level 10. HP: 66/66 MP: 17/17
  7647 | D:8      | Noticed Jeremiah
  7651 | D:8      | Killed Jeremiah
  7652 | D:8      | Reached skill level 5 in Short Blades
  7652 | D:8      | Reached skill level 5 in Long Blades
  7652 | D:8      | Reached skill level 5 in Axes
  7652 | D:8      | Reached skill level 5 in Maces & Flails
  7652 | D:8      | Reached skill level 5 in Polearms
  7652 | D:8      | Reached skill level 5 in Staves
  7652 | D:8      | Reached skill level 5 in Ranged Weapons
  7652 | D:8      | Reached skill level 5 in Throwing
  7652 | D:8      | Reached skill level 5 in Shields
  7652 | D:8      | Reached skill level 5 in Unarmed Combat
  7652 | D:8      | Reached skill level 5 in Spellcasting
  7754 | D:8      | Found a glowing silver altar of Zin.
  7763 | D:8      | Noticed Amaemon
  7766 | D:8      | Noticed an orange demon
  7772 | D:8      | Killed Amaemon
  8081 | D:8      | Reached *** piety under Hepliaklqana
  8212 | D:8      | Killed an orange demon
  8213 | D:8      | Reached skill level 5 in Shapeshifting
  8615 | D:9      | Noticed Maggie
  8632 | D:9      | Killed Maggie
  8793 | D:9      | Noticed a two-headed ogre
  8866 | D:9      | Killed a two-headed ogre
  8867 | D:9      | Reached skill level 9 in Evocations
  8867 | D:9      | Reached XP level 11. HP: 74/74 MP: 18/20
  8911 | D:9      | Found a hide-covered altar of Uskayaw.
  9120 | D:10     | Entered Level 10 of the Dungeon
  9135 | D:10     | Reached skill level 5 in Conjurations
  9135 | D:10     | Reached skill level 5 in Hexes
  9135 | D:10     | Reached skill level 5 in Summonings
  9135 | D:10     | Reached skill level 5 in Necromancy
  9135 | D:10     | Reached skill level 5 in Translocations
  9135 | D:10     | Reached skill level 5 in Transmutations
  9135 | D:10     | Reached skill level 5 in Fire Magic
  9135 | D:10     | Reached skill level 5 in Ice Magic
  9135 | D:10     | Reached skill level 5 in Air Magic
  9135 | D:10     | Reached skill level 5 in Earth Magic
  9135 | D:10     | Reached skill level 5 in Poison Magic
  9412 | D:10     | Found a glowing golden altar of the Shining One.
  9458 | D:10     | Found a bloodstained altar of Trog.
  9661 | D:10     | Found a runed translucent door.
  9662 | D:10     | Found a basalt altar of Yredelemnul.
  9720 | D:10     | Found a staircase to the Lair.
  9740 | D:10     | Found a shadowy altar of Dithmenos.
 10195 | D:10     | Noticed a deep elf pyromancer
 10209 | D:10     | Killed a deep elf pyromancer
 10337 | D:10     | Noticed an eight-headed hydra
 10346 | D:10     | Killed an eight-headed hydra
 10347 | D:10     | Noticed a brown ugly thing
 10362 | D:10     | Splashed by a brown ugly thing's acid

Illustrated notes

Levels and vault maps discovered:
D:1:      ncdulo_halloftheorcs, layout_basic
D:2:      layout_loops_cross
D:3:      layout_loops_ring, shapermc_ecumenical_altar_starsandcircs,
          amcnicky_mini_pool_small, minivault_27, uniq_grinder, uniq_ijyb,
          uniq_natasha, uniq_robin
D:4:      layout_cave_pools, mainiacjoe_overflow_catwalk_spiral,
          temple_fountains
D:5:      layout_basic, mainiacjoe_overflow_six_doors_small, uniq_blork_the_orc,
          uniq_edmund
D:6:      layout_rooms, mainiacjoe_overflow_brackets
D:7:      layout_basic, enter_bailey_8, item_on_display_b
D:8:      layout_cave_pools, mainiacjoe_overflow_alcove_2,
          hangedman_decor_diamond_cutter, kennysheep_another_room, uniq_amaemon,
          uniq_jeremiah
D:9:      layout_roguey, nicolae_uskayaw_suspiria, serial_park_tiny_2,
          uniq_maggie
D:10:     layout_cave_pools, nicolae_overflow_hidden_temple,
          grunt_dithmenos_shadows, dk_yredelemnul_ordeal,
          mainiacjoe_overflow_paths, grunt_lair_entry_orc_guard_hut,
          minmay_the_grid_2x2 [minmay_the_grid_box_x, minmay_the_grid_embedded,
          minmay_the_grid_paths, minmay_the_grid_prize_shrinking_boxes]
Temple:   minmay_temple_bridge_abc

Skill      XL: |  1  2  3  4  5  6  7  8  9 10 11 |
---------------+----------------------------------+-----
Invocations    | 1 2 3 4 5 6 7 |  7.4
Short Blades   | 1 2 3 4 6 |  6.7
Long Blades    | 1 2 3 4 6 |  6.7
Axes           | 1 2 3 4 6 |  6.7
Maces & Flails | 1 2 3 4 6 |  6.7
Polearms       | 1 2 3 4 6 |  6.7
Staves         | 1 2 3 4 6 |  6.7
Ranged Weapons | 1 2 3 4 6 |  6.7
Throwing       | 1 2 3 4 6 |  6.7
Shields        | 1 2 3 4 6 |  6.7
Unarmed Combat | 1 2 3 4 6 |  6.7
Spellcasting   | 1 2 3 4 6 |  6.7
Shapeshifting  | 1 2 3 4 5 6 |  6.1
Fighting       | 3 4 5 6 7 |  7.3
Dodging        | 3 4 5 6 7 |  7.3
Stealth        | 3 4 5 6 7 |  7.2
Conjurations   | 1 2 3 4 5 |  5.6
Hexes          | 1 2 3 4 5 |  5.6
Summonings     | 1 2 3 4 5 |  5.6
Necromancy     | 1 2 3 4 5 |  5.6
Translocations | 1 2 3 4 5 |  5.6
Transmutations | 1 2 3 4 5 |  5.6
Fire Magic     | 1 2 3 4 5 |  5.6
Ice Magic      | 1 2 3 4 5 |  5.6
Air Magic      | 1 2 3 4 5 |  5.6
Earth Magic    | 1 2 3 4 5 |  5.6
Poison Magic   | 1 2 3 4 5 |  5.6
Armour         | 5 6 7 8 |  8.2
Evocations     | 7 8 9 |  9.5

Action                     |  1- 3 |  4- 6 |  7- 9 | 10-12 || total
---------------------------+-------+-------+-------+-------++-------
  Melee: Club              |   228 |   153 |       |       ||   381
         Bite              |    29 |    20 |    33 |    29 ||   111
         Punch             |     1 |     4 |     4 |       ||     9
         Dagger            |       |    65 |   120 |       ||   185
         Morningstar       |       |       |    30 |       ||    30
         Flail             |       |       |   149 |   230 ||   379
  Throw: Dart              |       |       |    12 |       ||    12
 Invoke: Recall Ancestor   |       |       |     1 |     1 ||     2
         Ancestor Life: Ba |       |       |     1 |       ||     1
  Evoke: Wand              |       |     9 |     6 |     8 ||    23
    Use: Potion            |       |     5 |       |       ||     5
         Scroll            |       |       |    15 |     3 ||    18
   Stab: Sleeping          |     4 |     4 |     9 |     5 ||    22
         Distracted        |       |       |     4 |     6 ||    10
 Armour: Leather armour    |    92 |   123 |   135 |    91 ||   441
  Dodge: Dodged            |   177 |   144 |   205 |   161 ||   687
  Block: Buckler           |       |       |    76 |   118 ||   194

Table legend: (Time is in decaauts)
 A = Elapsed time spent in this place.
 B = Non-inter-level travel time spent in this place.
 C = Inter-level travel time spent in this place.
 D = Time resting spent in this place.
 E = Time spent auto-exploring this place.
 F = Levels seen in this place.
 G = Mean time per level.
                   A        B        C        D        E       F      G
               +--------+--------+--------+--------+--------+-----+--------+
         Total |  10512 |  10216 |    296 |   1351 |   6363 |  12 |  876.0 |
       Dungeon |   9338 |   9081 |    257 |    709 |   6008 |  10 |  933.8 |
        Temple |     89 |     50 |     39 |      0 |     49 |   1 |   89.0 |
        Bailey |   1083 |   1083 |      0 |    642 |    306 |   1 | 1083.0 |
               +--------+--------+--------+--------+--------+-----+--------+

Top non-repeatable levels by time:
     D:2: 1343 daAuts
     D:3: 1291 daAuts
    D:10: 1244 daAuts
  Bailey: 1083 daAuts
     D:1: 1050 daAuts
     D:5: 980 daAuts
     D:4: 736 daAuts
     D:9: 712 daAuts
     D:7: 669 daAuts
     D:8: 668 daAuts
     D:6: 642 daAuts
  Temple: 89 daAuts
